 Dungeon Crawl Stone Soup version 0.30.1-4-g462c640d31 (webtiles) character file.

Game seed: 1637442408624415829

52 absolutetbi the Grave Robber (level 3, -1/19 HPs)
             Began as a Deep Elf Necromancer on Sept 10, 2023.
             Slain by a worm (9 damage)
             ... on level 2 of the Dungeon.
             The game lasted 00:17:09 (1172 turns).

absolutetbi the Grave Robber (Deep Elf Necromancer) Turns: 1172, Time: 00:17:10

Health: -1/19      AC:  2    Str:  5    XL:     3   Next: 60%
Magic:  4/10       EV: 13    Int: 21    God:
Gold:   66         SH:  0    Dex: 15    Spells: 5/9 levels left

rFire   . . .        h - +0 short sword
rCold   . . .        (no shield)
rNeg    . . .        a - +0 robe
rPois   .            (no helmet)
rElec   .            (no cloak)
rCorr   .            (no gloves)
SInv    .            (no boots)
Will    .....        (no amulet)
Stlth   ++           (no ring)
HPRegen 0.23/turn    (no ring)
MPRegen 0.12/turn

%: no passive effects
@: no status effects
A: no striking features
a: no special abilities


You were on level 2 of the Dungeon.
You visited 1 branch of the dungeon, and saw 2 of its levels.

You collected 66 gold pieces.

Inventory:

Hand Weapons
 g - a +0 dagger
 h - a +0 short sword (weapon)
 q - a +2 heavy scimitar
Missiles
 r - 6 stones
Armour
 a - a +0 robe (worn)
 j - a +0 ring mail
Jewellery
 i - a ring of fire
 n - a ring of positive energy
Scrolls
 f - a scroll of identify {unknown}
 k - a scroll of poison {unknown}
 l - a scroll of immolation {unknown}
 o - a scroll of enchant armour {unknown}
 p - a scroll of blinking {unknown}
Potions
 b - a potion of magic
 c - 4 potions of curing {unknown}
 d - 2 potions of heal wounds {unknown}
 e - a potion of haste {unknown}
 m - a potion of resistance {unknown}


   Skills:
 + Level 0.1 Short Blades
 + Level 2.7 Dodging
 + Level 3.2 Stealth
 + Level 3.5 Spellcasting
 + Level 5.7 Necromancy


You had 5 spell levels left.
You knew the following spells:

 Your Spells              Type           Power      Damage    Failure   Level
a - Necrotise             Necr           100%       1d9       1%          1
b - Vampiric Draining     Necr           27%        2d7       3%          3

Your spell library contained the following spells:

 Spells                   Type           Power      Damage    Failure   Level
 Cigotuvi's Dreadful Rot  Necr/Pois/Air  22%        N/A       9%          2
 Animate Dead             Necr           27%        N/A       12%         4
 Agony                    Necr           27%        N/A       32%         5
 Ignite Poison            Fire/Tmut/Pois 3%         N/A       36%         3
 Freezing Cloud           Conj/Ice/Air   1%         6-21      98%         5


Dungeon Overview and Level Annotations

Branches:
Dungeon (2/15)

Altars:


Message History

You kill the endoplasm!
A worm comes into view.
Found a scroll labelled XEUFOFIOBU.
A worm comes into view.
You see here 6 stones.
r - 6 stones
Aiming: Necrotise (safe; 1% risk of failure)
Press: ? - help, Q - select action, (/) - cycle Shift-Dir - straight line, f - you
Okay, then.
Unknown command.
Casting: Necrotise (safe; 1% risk of failure)
Confirm with . or Enter, or press ? or * to list all spells.
Aiming: Necrotise (safe; 1% risk of failure)
Press: ? - help, Shift-Dir - straight line, f - worm
Aim: a worm (chance to affect: 88%)
The worm writhes in agony.
Casting: Necrotise (safe; 1% risk of failure)
Confirm with . or Enter, or press ? or * to list all spells.
Aiming: Necrotise (safe; 1% risk of failure)
Press: ? - help, Shift-Dir - straight line, f/p - worm
Aim: a worm (lightly wounded, chance to affect: 88%)
The worm writhes in agony.
The worm bites you!
Casting: Necrotise (safe; 1% risk of failure)
Confirm with . or Enter, or press ? or * to list all spells.
The spell is quite dangerous to miscast (3% risk of failure)!
Continue anyway?
Aiming: Vampiric Draining (quite dangerous; 3% risk of failure)
Press: ? - help, Shift-Dir - straight line, f/p - worm
Aim: a worm (lightly wounded)
You draw life force from the worm!
You feel life coursing into your body. The worm bites you!
Casting: Vampiric Draining (quite dangerous; 3% risk of failure)
Confirm with . or Enter, or press ? or * to list all spells.
Aiming: Necrotise (safe; 1% risk of failure)
Press: ? - help, Shift-Dir - straight line, f/p - worm
Aim: a worm (severely wounded, chance to affect: 88%)
The worm barely resists.
You hit the worm.
The worm is almost dead.
The worm bites you!
You die...

## #.#w..# ##.
.#.#.## #.. #....##
#.. ..... #.# ..?
#.# #.# #.#
###########.### #.#
#.......@w....# #.#
#. ####.#####....#
#.# # #. #.# #....#
#.#. #######.#
#....# #### #.#.
#.......# #....#
#..# .#.##.#####.#
#....# ##.# #.# .
#.... #.# #....# #.#
#.# ########
###.##############.#
#.. ..#....#
#.......†..........#
#..


You could see a worm.

Vanquished Creatures
  2 adders (D:2)
  A worm (D:2)
  A dart slug (D:1)
  2 ball pythons (D:1)
  2 bats (D:1)
  3 endoplasms
  3 giant cockroaches
  3 goblins (D:1)
  2 quokkas (D:1)
  A frilled lizard (D:2)
  3 kobolds
  2 rats (D:1)
25 creatures vanquished.

Vanquished Creatures (collateral kills)
  An endoplasm (D:1)
  A frilled lizard (D:1)
  A rat (D:1)
3 creatures vanquished.

Grand Total: 28 creatures vanquished

Notes
Turn   | Place    | Note
-------+----------+-------------------------------------------
     0 | D:1      | absolutetbi the Deep Elf Necromancer began the quest for
                  | the Orb.
     0 | D:1      | Reached XP level 1. HP: 10/10 MP: 6/6
     6 | D:1      | Noticed an imperial myrmidon
     6 | D:1      | Noticed a komodo dragon
     8 | D:1      | Noticed a yaktaur
    90 | D:1      | Reached skill level 5 in Necromancy
   124 | D:1      | Reached XP level 2. HP: 11/15 MP: 4/8
   805 | D:2      | Reached XP level 3. HP: 15/19 MP: 7/9
   809 | D:2      | Learned a level 3 spell: Vampiric Draining
  1172 | D:2      | Slain by a worm

Illustrated notes

Levels and vault maps discovered:
D:1:      onia_arrival_zoo_common, layout_rooms, columned_hall_lemuel,
          minmay_misc_feat_square, kennysheep_minor_cross
D:2:      layout_loops_ring, serial_co_window_serial,
          co_window_of_opportunity_a, co_window_paths_a, co_window_paths_b,
          co_window_corner_a, co_window_corner_a, co_window_corner_b,
          co_window_of_opportunity_b, co_window_unsneaky_path_e, co_window_sun,
          co_window_4corner_a, glass_columns_a, glass_columns_c,
          glass_columns_b, glass_columns_a

Skill      XL: |  1  2 |
---------------+-------+-----
Necromancy     | 5 |  5.7
Stealth        | 3 |  3.2
Short Blades   | |  0.1
Dodging        | |  2.7
Spellcasting   | |  3.5

Action                     || total
---------------------------++-------
  Melee: Unarmed           ||     2
         Dagger            ||    20
         Short sword       ||     3
   Cast: Necrotise         ||    24
         Vampiric Draining ||     2
   Stab: Sleeping          ||     7
 Armour: Robe              ||     4
  Dodge: Dodged            ||    11
